[Event "Titled Tuesday Blitz December 06 Early 2022"]
[White "Terzi, Alexei"]
[Black "Skibbe, Willi"]
[WhiteFideId "13505076"]
[BlackFideId "4682190"]
[WhiteElo "2172"]
[BlackElo "2371"]
[Result "1/2-1/2"]
[Round "06"]
[TimeControl "180+1"]
[Date "2022.12.07"]
[WhiteClock "0:00:09"]
[BlackClock "0:00:22"]

1. d4 d5 2. Bf4 c5 3. e3 cxd4 4. exd4 Nc6 5. c3 Bf5 6. Qb3 Qd7 7. Nf3 e6 8. Nbd2 f6 9. Bb5 Bd6 10. Bxd6 Qxd6 11. O-O Ne7 12. Rfe1 O-O 13. h3 g5 14. a4 h5 15. Nh2 Kf7 16. Ndf1 g4 17. h4 a6 18. Bxc6 Qxc6 19. Ng3 Bg6 20. Ne2 Qc7 21. Nf1 Bd3 22. g3 Bxe2 23. Rxe2 Nf5 24. Rae1 Rae8 25. Ne3 Nxe3 26. Rxe3 f5 27. Re5 Qc6 28. Qd1 Rg8 29. Kh2 Rg6 30. R1e2 b5 31. axb5 axb5 32. Qe1 Rb8 33. Qb1 b4 34. Qc1 bxc3 35. bxc3 Rc8 36. R5e3 Qc4 37. Qa3 Rf6 38. Qa7+ Qc7 39. Qa6 Qc6 40. Qa5 Qc7 41. Qa6 Qc6 42. Qa7+ Qc7 43. Qxc7+ Rxc7 44. Rb2 Rc6 45. Rb7+ Kg6 46. Re7 f4 47. gxf4 Rxf4 48. Kg3 Rf3+ 49. Rxf3 gxf3 50. Kxf3 Kf6 51. Rh7 Rxc3+ 52. Kf4 Kg6 53. Re7 Kf6 54. Rh7 Kg6 55. Rh8 Rd3 56. Ke5 Rd2 57. Kxe6 Rxf2 58. Kxd5 Rf4 59. Ke5 Rxh4 60. d5 Rh1 61. d6 Re1+ 62. Kd5 Rd1+ 63. Ke6 Re1+ 64. Kd7 Kg5 65. Kd8 h4 66. d7 Kg4 67. Rh6 Rd1 68. Ke7 Rxd7+ 69. Kxd7 h3 70. Ke6 Kg3 71. Rg6+ Kf3 72. Rf6+ Kg3 73. Rg6+ Kf3 74. Kf5 h2 75. Rh6 Kg2 76. Kg4 h1=Q 77. Rxh1 Kxh1 1/2-1/2


[Site "https://www.chess.com"]

[Event "Titled Tuesday Blitz December 06 Early 2022"]
[White "Tologon tegin, Semetei"]
[Black "Tsatsalashvili, Keti"]
[WhiteFideId "13800574"]
[BlackFideId "13603434"]
[WhiteElo "2264"]
[BlackElo "2220"]
[Result "1-0"]
[Round "06"]
[TimeControl "180+1"]
[Date "2022.12.07"]
[WhiteClock "0:01:15"]
[BlackClock "0:00:10"]

1. e4 c5 2. Nf3 d6 3. d4 cxd4 4. Nxd4 Nf6 5. Nc3 Nc6 6. Bg5 e6 7. Qd3 a6 8. Nxc6 bxc6 9. O-O-O Be7 10. Qg3 Nh5 11. Bxe7 Nxg3 12. Bxd8 Nxh1 13. Bb6 c5 14. Rxd6 O-O 15. Bxc5 Bb7 16. Rd1 Rfd8 17. Bd3 Rac8 18. Be3 Nxf2 19. Bxf2 f5 20. exf5 exf5 21. Bxf5 Rxd1+ 22. Nxd1 Rf8 23. Be6+ Kh8 24. Bh3 Re8 25. Kd2 Rd8+ 26. Ke1 Be4 27. Ne3 a5 28. b3 a4 29. bxa4 Ra8 30. Bd7 Ra7 31. Bb5 Rc7 32. c4 Bb1 33. a3 Re7 34. a5 Be4 35. Kd2 Rf7 36. Bg3 Rf8 37. c5 Ra8 38. a6 Rd8+ 39. Bd6 h5 40. g3 Kh7 41. h4 Ba8 42. a7 Rc8 43. Nc4 Rd8 44. Nb6 Bb7 45. a4 Kh6 46. a5 g5 47. hxg5+ Kxg5 48. a6 Ba8 49. Nxa8 Rxa8 50. Bb8 Kg4 51. Bc6 Rxa7 52. Bxa7 1-0


[Site "https://www.chess.com"]

[Event "Titled Tuesday Blitz December 06 Early 2022"]
[White "Topalov, Aleksandar"]
[Black "Sargsyan, Anna M."]
[WhiteFideId "925659"]
[BlackFideId "13308130"]
[WhiteElo "2151"]
[BlackElo "2284"]
[Result "1/2-1/2"]
[Round "06"]
[TimeControl "180+1"]
[Date "2022.12.07"]
[WhiteClock "0:00:06"]
[BlackClock "0:00:04"]

1. b3 e5 2. Bb2 Nc6 3. c4 d6 4. e3 Nf6 5. Nf3 g6 6. d4 e4 7. d5 exf3 8. dxc6 fxg2 9. Bxg2 b6 10. Nc3 Bg7 11. Qd4 O-O 12. Nd5 Nh5 13. Qd2 Be6 14. O-O-O a5 15. a4 Bxd5 16. Bxd5 Qh4 17. f4 Rae8 18. Rde1 Re7 19. Bxg7 Nxg7 20. e4 Nh5 21. Rhf1 Kg7 22. Qb2+ f6 23. e5 fxe5 24. fxe5 Qg5+ 25. Kb1 Rxe5 26. Rxf8 Kxf8 27. Rf1+ Kg7 28. Rf7+ Kh6 29. Ka2 Nf4 30. Ka3 Nxd5 31. cxd5 Qe3 32. Rxc7 Qc5+ 33. Ka2 Rf5 34. Qg7+ Kg5 35. Qe7+ Kg4 36. Qe2+ Kf4 37. Rxh7 Rxd5 38. Rh4+ Kg5 39. Qe7+ Kf5 40. Qf7+ Kg5 41. Qe7+ Kf5 42. Qf7+ Kg5 43. Qe7+ 1/2-1/2


[Site "https://www.chess.com"]

[Event "Titled Tuesday Blitz December 06 Early 2022"]
[White "Vaibhav, Suri"]
[Black "Martin, Lewis"]
[WhiteFideId "5045185"]
[BlackFideId "410551"]
[WhiteElo "2510"]
[BlackElo "2145"]
[Result "1-0"]
[Round "06"]
[TimeControl "180+1"]
[Date "2022.12.07"]
[WhiteClock "0:00:18"]
[BlackClock "0:00:10"]

1. Nf3 c5 2. c4 Nc6 3. Nc3 Nf6 4. e4 d6 5. h3 g6 6. d4 cxd4 7. Nxd4 Bg7 8. Be3 O-O 9. Be2 Bd7 10. O-O Rc8 11. Rc1 Qa5 12. Nb3 Qd8 13. a3 a6 14. Re1 Ne5 15. Nd2 Be6 16. Nd5 Nxd5 17. exd5 Bf5 18. f4 Nd3 19. Bxd3 Bxd3 20. Qb3 Bf5 21. g4 Bd7 22. Bb6 Qe8 23. Ne4 Ba4 24. Qa2 Qd7 25. b3 f5 26. gxf5 Qxf5 27. bxa4 Qxh3 28. Qg2 Qb3 29. a5 Rxc4 30. Rxc4 Qxc4 31. Ng5 Bc3 32. Qe4 Qa2 33. Re2 Qa1+ 34. Kg2 Qxa3 35. Qxe7 Bxa5 36. Qxh7# 1-0


[Site "https://www.chess.com"]

[Event "Titled Tuesday Blitz December 06 Early 2022"]
[White "Vlassov, Nikolai"]
[Black "Acor, Corey"]
[WhiteFideId "4103360"]
[BlackFideId "2024861"]
[WhiteElo "2324"]
[BlackElo "2341"]
[Result "1/2-1/2"]
[Round "06"]
[TimeControl "180+1"]
[Date "2022.12.06"]
[WhiteClock "0:00:07"]
[BlackClock "0:00:02"]

1. e4 e5 2. Bc4 Nf6 3. d3 c6 4. Nf3 d5 5. Bb3 Bb4+ 6. c3 Bd6 7. Bg5 Be6 8. d4 Nbd7 9. exd5 cxd5 10. dxe5 Nxe5 11. Nxe5 Bxe5 12. Nd2 Qb6 13. O-O h6 14. Bh4 g5 15. Bg3 Bxg3 16. hxg3 h5 17. Nf3 h4 18. Qd4 Qxd4 19. Nxd4 Ne4 20. g4 O-O-O 21. f3 Nc5 22. Bc2 a6 23. Rfe1 Rde8 24. Kf2 Bd7 25. b4 Ne6 26. Nf5 Kc7 27. Rad1 Nf4 28. Ng7 Rxe1 29. Rxe1 Kd6 30. Bf5 Be6 31. Re3 h3 32. gxh3 Rxh3 33. a4 Rh2+ 34. Kf1 Rh1+ 35. Kf2 Ra1 36. a5 Ra2+ 37. Kf1 Rb2 38. Ne8+ Kd7 39. Nf6+ Ke7 40. Nh7 f6 41. Bxe6 Nxe6 42. Nf8 Kxf8 43. Rxe6 Kf7 44. Rb6 Rc2 45. Rxb7+ Ke6 46. Rb6+ Ke5 47. Rxa6 Rxc3 48. Ke2 Kd4 49. Rxf6 Rc2+ 50. Kd1 Rb2 51. Rb6 Kd3 52. Kc1 Rf2 53. a6 d4 54. a7 Ra2 55. Rb7 Kc3 56. Kb1 Ra4 57. b5 d3 58. b6 Rb4+ 59. Ka2 Ra4+ 60. Kb1 Rb4+ 61. Ka2 Ra4+ 62. Kb1 1/2-1/2


[Site "https://www.chess.com"]

[Event "Titled Tuesday Blitz December 06 Early 2022"]
[White "Volkov, Maksim"]
[Black "Przybylski, Wojciech"]
[WhiteFideId "54123070"]
[BlackFideId "1117599"]
[WhiteElo "2257"]
[BlackElo "2217"]
[Result "1-0"]
[Round "06"]
[TimeControl "180+1"]
[Date "2022.12.07"]
[WhiteClock "0:00:57"]
[BlackClock "0:00:01"]

1. d4 Nf6 2. c4 e6 3. g3 d5 4. Nf3 Bb4+ 5. Bd2 Be7 6. Bg2 O-O 7. O-O Nbd7 8. Qc2 Nb6 9. c5 Nc4 10. Be1 b6 11. b3 Na5 12. Bxa5 bxa5 13. Nc3 c6 14. Ne5 Qc7 15. Rac1 Nd7 16. Nxd7 Bxd7 17. e4 Rab8 18. h4 Rb4 19. Qd2 f5 20. exf5 exf5 21. Ne2 Bf6 22. Rc3 f4 23. a3 Rbb8 24. Nxf4 Bg4 25. Re1 Qf7 26. Rce3 a4 27. b4 Bxh4 28. Nxd5 Bg5 29. Ne7+ Kh8 30. Nxc6 Rbc8 31. Ne5 Qh5 32. d5 Bxe3 33. Qxe3 Rce8 34. d6 Bc8 35. c6 1-0


[Site "https://www.chess.com"]

[Event "Titled Tuesday Blitz December 06 Early 2022"]
[White "Williams, Simon K"]
[Black "Matinian, Nikita"]
[WhiteFideId "404454"]
[BlackFideId "24129100"]
[WhiteElo "2468"]
[BlackElo "2422"]
[Result "0-1"]
[Round "06"]
[TimeControl "180+1"]
[Date "2022.12.07"]
[WhiteClock "0:00:06"]
[BlackClock "0:01:35"]

1. d4 Nf6 2. c4 g6 3. h4 c5 4. d5 b5 5. cxb5 a6 6. e3 axb5 7. Bxb5 Qa5+ 8. Nc3 Ne4 9. Ne2 Bg7 10. a4 Ba6 11. Ra3 Nd6 12. O-O Qb4 13. Nf4 Bxb5 14. Nxb5 Nxb5 15. axb5 Rxa3 16. bxa3 Qxb5 17. d6 e6 18. h5 g5 19. h6 Be5 20. Nh5 Qc6 21. Qg4 Rg8 22. f4 f5 23. fxe5 fxg4 24. Nf6+ Kf7 25. Nxd7+ Kg6 26. Nf6 Rf8 27. e4 Nd7 28. Bb2 Nxf6 29. exf6 Qxe4 0-1


[Site "https://www.chess.com"]

[Event "Titled Tuesday Blitz December 06 Early 2022"]
[White "Wojtaszek, Radoslaw"]
[Black "Vidit, Santosh Gujrathi"]
[WhiteFideId "1118358"]
[BlackFideId "5029465"]
[WhiteElo "2605"]
[BlackElo "2669"]
[Result "0-1"]
[Round "06"]
[TimeControl "180+1"]
[Date "2022.12.06"]
[WhiteClock "0:00:02"]
[BlackClock "0:00:02"]

1. e4 c5 2. Nc3 Nc6 3. Bb5 Nd4 4. Bc4 e6 5. Nge2 Qc7 6. d3 a6 7. a4 Nf6 8. O-O Be7 9. Bf4 d6 10. Ba2 Nc6 11. Qd2 O-O 12. Bg5 h6 13. Bf4 b6 14. h3 Bb7 15. Bh2 Nb4 16. Bb3 Qc6 17. Nf4 b5 18. Nce2 e5 19. Ng6 Rfe8 20. Ng3 d5 21. Nxe7+ Rxe7 22. Nf5 Ree8 23. f4 exf4 24. Qxf4 c4 25. e5 Nh5 26. Nxh6+ Qxh6 27. Qxf7+ Kh8 28. dxc4 bxc4 29. Qxb7 Rab8 30. Qf7 cxb3 31. Rf5 g6 32. e6 gxf5 33. Bxb8 Rxb8 34. e7 Qe3+ 35. Kh1 Ng7 36. Qf8+ Kh7 37. Qxb8 bxc2 38. Qc7 d4 0-1


[Site "https://www.chess.com"]

[Event "Titled Tuesday Blitz December 06 Early 2022"]
[White "Xiong, Jeffery"]
[Black "Gabuzyan, Hovhannes"]
[WhiteFideId "2047640"]
[BlackFideId "13303732"]
[WhiteElo "2726"]
[BlackElo "2486"]
[Result "1-0"]
[Round "06"]
[TimeControl "180+1"]
[Date "2022.12.06"]
[WhiteClock "0:01:45"]
[BlackClock "0:01:55"]

1. e4 c5 2. Nf3 d6 3. Nc3 Nf6 4. d4 cxd4 5. Qxd4 Nc6 6. Qd3 a6 7. Nd5 e6 8. Nxf6+ Qxf6 9. c3 Qd8 10. Be2 Be7 11. O-O O-O 12. Rd1 Qc7 13. a4 h6 14. Be3 e5 15. Nd2 Be6 16. Nc4 b5 17. axb5 axb5 18. Rxa8 Rxa8 19. Nxd6 Rd8 20. Nxb5 Qb8 21. Qc2 Rc8 22. Qa4 Bg5 23. Bxg5 hxg5 24. h3 Ne7 25. Qa7 Ng6 26. Qxb8 Rxb8 27. b4 Nf4 28. Bf1 Ra8 29. c4 Ra4 30. Rb1 f5 31. Nd6 fxe4 32. Nxe4 Bf5 33. f3 Ra2 34. b5 Bxe4 35. fxe4 Ne6 36. c5 Rc2 37. b6 Nxc5 38. b7 1-0


[Site "https://www.chess.com"]

[Event "Titled Tuesday Blitz December 06 Early 2022"]
[White "Xu, Yi"]
[Black "Bortnyk, Olexandr"]
[WhiteFideId "8605564"]
[BlackFideId "14120828"]
[WhiteElo "2471"]
[BlackElo "2723"]
[Result "0-1"]
[Round "06"]
[TimeControl "180+1"]
[Date "2022.12.06"]
[WhiteClock "0:00:07"]
[BlackClock "0:00:21"]

1. e4 Nf6 2. e5 Nd5 3. d4 d6 4. Nf3 dxe5 5. Nxe5 c6 6. Be2 Bf5 7. a3 Nd7 8. Nf3 e6 9. O-O Bd6 10. Re1 O-O 11. Bf1 h6 12. g3 Qc7 13. c4 N5f6 14. Nc3 Rfe8 15. Bg2 e5 16. c5 Bf8 17. dxe5 Ng4 18. b4 Rad8 19. Qb3 Ndxe5 20. Bf4 g5 21. Nxe5 Nxe5 22. Bxe5 Rxe5 23. Rad1 Bg7 24. Rxd8+ Qxd8 25. Rxe5 Bxe5 26. Ne4 Qd4 27. Qf3 Qa1+ 28. Bf1 Be6 29. Qd3 Bb2 30. Nd6 Qxa3 31. Nxb7 Qxb4 32. Qa6 Bd4 33. Qxc6 Qe1 34. Qf3 Bc4 35. Qg2 Bd5 0-1


[Site "https://www.chess.com"]

[Event "Titled Tuesday Blitz December 06 Early 2022"]
[White "Yaran, Siar"]
[Black "Chernomordik, Pavel"]
[WhiteFideId "6323006"]
[BlackFideId "2804530"]
[WhiteElo "2191"]
[BlackElo "2193"]
[Result "1-0"]
[Round "06"]
[TimeControl "180+1"]
[Date "2022.12.07"]
[WhiteClock "0:00:02"]
[BlackClock "0:00:04"]

1. d4 g6 2. c4 Bg7 3. Nc3 d6 4. e4 c6 5. Be2 a6 6. a4 a5 7. f4 Qb6 8. e5 Nh6 9. Ra3 Nf5 10. Nf3 O-O 11. g4 Nh6 12. h3 f6 13. Rb3 Qc7 14. O-O Nf7 15. exf6 exf6 16. f5 gxf5 17. Nh4 fxg4 18. Bxg4 d5 19. cxd5 Qg3+ 20. Ng2 Bxg4 21. Qxg4 Qxg4 22. hxg4 Rd8 23. Rxb7 cxd5 24. Nf4 Nc6 25. Ne6 Rd6 26. Nxg7 Kxg7 27. Bf4 Re6 28. Nxd5 Rd8 29. Nc7 Re2 30. d5 Nd4 31. b4 Rg8 32. Ne6+ Nxe6 33. dxe6 Rxe6 34. bxa5 Ra8 35. Bc7 Re4 36. g5 Nxg5 37. Bd8+ Kg6 38. Rxf6+ Kh5 39. Rd7 Rxa4 40. Rf5 Kg4 41. Rxg5+ Kf4 42. Rf7+ Ke3 43. Bb6+ Kd3 44. Rg3+ Kc2 45. Rg2+ Kd3 46. Rf3+ Ke4 47. Re3+ Kf4 48. Rf2+ Kg4 49. Kh2 Kh5 50. Re5+ Kg4 51. Ref5 Kh4 52. Rg2 1-0


[Site "https://www.chess.com"]

[Event "Titled Tuesday Blitz December 06 Early 2022"]
[White "Yeremyan, Alen"]
[Black "Abasov, Nijat"]
[WhiteFideId "13308998"]
[BlackFideId "13402960"]
[WhiteElo "2159"]
[BlackElo "2546"]
[Result "0-1"]
[Round "06"]
[TimeControl "180+1"]
[Date "2022.12.06"]
[WhiteClock "0:01:56"]
[BlackClock "0:01:45"]

1. e4 c5 2. Nc3 e6 3. f4 d5 4. Nf3 Nf6 5. exd5 exd5 6. Bb5+ Bd7 7. Bxd7+ Nbxd7 8. O-O d4 9. Re1+ Be7 10. Ne4 Nxe4 11. Rxe4 Nf6 12. Re1 O-O 13. d3 Bd6 14. Ng5 Nd5 15. Qf3 Bc7 16. Bd2 Qd7 17. Re2 h6 18. Ne4 b6 19. Rae1 f5 20. Nf2 Rf6 21. Re7 Nxe7 22. Qxa8+ Bd8 23. Nh3 Kf7 24. Kh1 Re6 25. Rxe6 Kxe6 26. Ng1 Nc6 27. Nf3 Kf6 28. b3 Be7 29. Qg8 Qe6 30. Be1 Qxg8 0-1


[Site "https://www.chess.com"]

[Event "Titled Tuesday Blitz December 06 Early 2022"]
[White "Zaichenko, Daria"]
[Black "Garv Gaur"]
[WhiteFideId "4197453"]
[BlackFideId "45030839"]
[WhiteElo "2039"]
[BlackElo "2056"]
[Result "0-1"]
[Round "06"]
[TimeControl "180+1"]
[Date "2022.12.07"]
[WhiteClock "0:00:48"]
[BlackClock "0:01:26"]

1. e4 c6 2. d4 d5 3. Nc3 dxe4 4. Nxe4 Bf5 5. Ng3 Bg6 6. h4 h6 7. h5 Bh7 8. Nf3 Nd7 9. Bd3 Bxd3 10. Qxd3 e6 11. Bd2 Ngf6 12. O-O-O Be7 13. Kb1 O-O 14. Ne4 Nxe4 15. Qxe4 Nf6 16. Qe2 Qd5 17. Ne5 c5 18. c4 Qxd4 19. Bxh6 Qe4+ 20. Qxe4 Nxe4 21. Be3 Rfd8 22. Rxd8+ Rxd8 23. h6 gxh6 24. Bxh6 Nxf2 25. Rf1 Rd1+ 26. Rxd1 Nxd1 27. Nd3 Bh4 28. Kc2 Nf2 29. Nxc5 b6 30. Nd3 Nxd3 31. Kxd3 Bg3 32. b4 f5 33. c5 bxc5 34. bxc5 Kf7 35. Be3 e5 36. Kc4 e4 37. Kd5 f4 38. Kxe4 fxe3 39. Kxe3 Ke6 40. Kd4 Kd7 41. Kd5 Kc7 42. a4 Kd7 43. Kc4 Kc6 44. Kb4 Bf2 45. Ka5 Bxc5 46. Ka6 Kd5 47. Kb5 Be3 48. Kb4 Ke5 49. Kc4 Kf4 50. Kd3 Bb6 51. Ke2 Kg3 52. Kf1 a5 53. Ke2 Kxg2 54. Kd3 Bc5 55. Kc4 Bb4 56. Kb3 Kf3 57. Kc2 Ke3 0-1


[Site "https://www.chess.com"]

[Event "Titled Tuesday Blitz December 06 Early 2022"]
[White "Zaksaite, Salomeja"]
[Black "Rodchenkov, Sergey D."]
[WhiteFideId "12801496"]
[BlackFideId "4168712"]
[WhiteElo "2079"]
[BlackElo "2277"]
[Result "0-1"]
[Round "06"]
[TimeControl "180+1"]
[Date "2022.12.07"]
[WhiteClock "0:00:04"]
[BlackClock "0:00:33"]

1. e4 c5 2. Nf3 d6 3. d4 cxd4 4. Nxd4 Nf6 5. Nc3 a6 6. h3 e5 7. Nde2 h5 8. g3 Be6 9. Bg2 Nbd7 10. O-O g6 11. Nd5 Bg7 12. f4 Bxd5 13. exd5 O-O 14. f5 Kh7 15. Bg5 Bh6 16. Qd2 Bxg5 17. Qxg5 Qb6+ 18. Kh2 Qxb2 19. Rac1 Rae8 20. Rf2 Ng8 21. Rcf1 Qxa2 22. Be4 Kg7 23. fxg6 f6 24. Qxh5 Nh6 25. g4 Rh8 26. g5 Ng8 27. Qg4 Re7 28. Ng3 Kf8 29. gxf6 Ngxf6 30. Rxf6+ Nxf6 31. Rxf6+ Kg7 32. Rf7+ Rxf7 33. gxf7+ Kxf7 34. Qg6+ Kf8 35. Qxd6+ Kg8 36. Qe6+ Kf8 37. Qf6+ Kg8 38. Bf5 b5 39. Be6+ Kh7 40. Qf7+ Kh6 41. Qh5+ Kg7 42. Nf5+ Kf6 0-1


[Site "https://www.chess.com"]

[Event "Titled Tuesday Blitz December 06 Early 2022"]
[White "Zaragatski, Ilja"]
[Black "Ghosh, Chanchal Kumer"]
[WhiteFideId "4655192"]
[BlackFideId "10201858"]
[WhiteElo "2460"]
[BlackElo "2058"]
[Result "1-0"]
[Round "06"]
[TimeControl "180+1"]
[Date "2022.12.07"]
[WhiteClock "0:00:08"]
[BlackClock "0:00:03"]

1. e4 c5 2. Nf3 d6 3. d4 cxd4 4. Nxd4 Nf6 5. Nc3 a6 6. f3 e5 7. Nb3 Be6 8. Be3 Nbd7 9. Qd2 Be7 10. O-O-O O-O 11. g4 b5 12. Nd5 Bxd5 13. exd5 Nb6 14. Na5 Nfxd5 15. Nc6 Qc7 16. Nxe7+ Qxe7 17. Bxb6 Nxb6 18. Qxd6 Qg5+ 19. Qd2 Qf6 20. g5 Qe7 21. Bd3 Rfd8 22. h4 Rac8 23. Qe2 Na4 24. a3 b4 25. Qe4 g6 26. Qxb4 Nc5 27. Be2 a5 28. Qb6 e4 29. fxe4 Nxe4 30. Ba6 Rb8 31. Rxd8+ Rxd8 32. Re1 Nc3 33. Qf2 Qe6 34. bxc3 Qxa6 35. Qf6 Qc8 36. Re7 Rf8 37. h5 Qc5 38. h6 1-0


[Site "https://www.chess.com"]

[Event "Titled Tuesday Blitz December 06 Early 2022"]
[White "Zemlyanskii, Ivan"]
[Black "Sarana, Alexey"]
[WhiteFideId "24249971"]
[BlackFideId "24133795"]
[WhiteElo "2107"]
[BlackElo "2708"]
[Result "1/2-1/2"]
[Round "06"]
[TimeControl "180+1"]
[Date "2022.12.06"]
[WhiteClock "0:00:16"]
[BlackClock "0:01:17"]

1. d4 Nf6 2. c4 e6 3. Nf3 d5 4. g3 Bb4+ 5. Bd2 Be7 6. Bg2 c6 7. O-O Nbd7 8. Qc2 h6 9. Rd1 a5 10. Ne5 Nxe5 11. dxe5 Ng4 12. cxd5 exd5 13. Bc3 Bc5 14. e3 h5 15. h3 Nh6 16. e4 Qg5 17. Bd2 Qe7 18. exd5 cxd5 19. Nc3 Be6 20. Nxd5 Bxd5 21. Bxd5 O-O-O 22. Be3 b6 23. Rac1 Kb8 24. Bxc5 Qxc5 25. Qxc5 bxc5 26. Rxc5 Rd7 27. Rb5+ Ka7 28. Rxa5+ Kb6 29. b4 Rhd8 30. Rc5 Nf5 31. a4 Ne7 32. Rb5+ Ka7 33. Ra5+ Kb6 34. Rb5+ Ka7 35. Ra5+ Kb6 36. Rb5+ 1/2-1/2


[Site "https://www.chess.com"]

[Event "Titled Tuesday Blitz December 06 Early 2022"]
[White "Zhigalko, Sergei"]
[Black "Golubev, Mikhail"]
[WhiteFideId "13502956"]
[BlackFideId "14100983"]
[WhiteElo "2662"]
[BlackElo "2374"]
[Result "1-0"]
[Round "06"]
[TimeControl "180+1"]
[Date "2022.12.07"]
[WhiteClock "0:00:04"]
[BlackClock "0:00:01"]

1. e4 c5 2. c3 d5 3. exd5 Nf6 4. Nf3 Nxd5 5. d4 e6 6. Bd3 Nc6 7. dxc5 Bxc5 8. O-O Qc7 9. Re1 O-O 10. Nbd2 Nf4 11. Ne4 Nxd3 12. Qxd3 Rd8 13. Qc2 Be7 14. Neg5 g6 15. Ne4 Nb4 16. Qe2 Nd3 17. Bg5 Nxe1 18. Rxe1 Bxg5 19. Nfxg5 Qe5 20. f4 Qg7 21. Qb5 h6 22. Nf3 b6 23. Qc6 Rb8 24. Nd6 Bd7 25. Qc7 f6 26. h3 Ba4 27. Qxg7+ Kxg7 28. Rxe6 Rd7 29. Nd4 Rbd8 30. Ne4 f5 31. Ng3 Kf7 32. Re2 Rxd4 33. cxd4 Rxd4 34. Rf2 Bc6 35. b3 Rd1+ 36. Kh2 Rc1 37. Nf1 Rc3 38. Nd2 Rc2 39. a4 Rb2 40. Kg3 Rc2 41. Nc4 Rxf2 42. Kxf2 Ke6 43. Ne5 Bd5 44. b4 a5 45. bxa5 bxa5 46. g3 Bb3 47. Nc6 Bd5 48. Nxa5 Kd6 49. Ke3 Kc5 50. h4 h5 51. Kd3 1-0


[Site "https://www.chess.com"]

[Event "Titled Tuesday Blitz December 06 Early 2022"]
[White "Abasov, Nijat"]
[Black "Rustemov, Alexander"]
[WhiteFideId "13402960"]
[BlackFideId "4119002"]
[WhiteElo "2546"]
[BlackElo "2807"]
[Result "1-0"]
[Round "07"]
[TimeControl "180+1"]
[Date "2022.12.06"]
[WhiteClock "0:00:29"]
[BlackClock "0:00:02"]

1. e4 e6 2. d4 d5 3. exd5 exd5 4. Nf3 Bf5 5. Bd3 Bxd3 6. Qxd3 Nc6 7. O-O Bd6 8. b3 Nge7 9. c4 dxc4 10. bxc4 O-O 11. Nc3 Qd7 12. Rb1 b6 13. Ne4 Rad8 14. Rd1 Rfe8 15. Bg5 Qf5 16. Nh4 Qa5 17. Bf6 h6 18. Qf3 gxf6 19. Nxf6+ Kg7 20. Nh5+ Kf8 21. Rb5 Qa4 22. Rf1 Qc2 23. Nf5 Nxf5 24. Rxf5 Re7 25. Qg4 Bxh2+ 26. Kxh2 Rxd4 27. Qg7+ Ke8 28. Nf6+ Kd8 29. Qf8+ Re8 30. Qxe8# 1-0


[Site "https://www.chess.com"]

[Event "Titled Tuesday Blitz December 06 Early 2022"]
[White "Acor, Corey"]
[Black "Iskusnyh, Sergei"]
[WhiteFideId "2024861"]
[BlackFideId "4120027"]
[WhiteElo "2765"]
[BlackElo "2599"]
[Result "0-1"]
[Round "07"]
[TimeControl "180+1"]
[Date "2022.12.07"]
[WhiteClock "0:01:24"]
[BlackClock "0:01:53"]

1. e4 e6 2. d3 c5 3. Nc3 Nc6 4. g3 g6 5. Bg2 Bg7 6. Be3 d6 7. Qd2 Rb8 8. Nf3 Nd4 9. Bxd4 cxd4 10. Nb5 Qb6 11. Qb4 Kd7 12. Qa4 Ke7 13. Qxa7 Qxa7 14. Nxa7 Bd7 15. a4 Ra8 0-1


[Site "https://www.chess.com"]

[Event "Titled Tuesday Blitz December 06 Early 2022"]
[White "Albertini, Luca"]
[Black "Najdin, Danil"]
[WhiteFideId "847038"]
[BlackFideId "4172426"]
[WhiteElo "2207"]
[BlackElo "2245"]
[Result "1-0"]
[Round "07"]
[TimeControl "180+1"]
[Date "2022.12.07"]
[WhiteClock "0:00:10"]
[BlackClock "0:00:02"]

1. e4 c5 2. Nf3 Nc6 3. d4 cxd4 4. Nxd4 Nf6 5. Nc3 e5 6. Ndb5 d6 7. Bg5 a6 8. Na3 b5 9. Nd5 Be7 10. Bxf6 Bxf6 11. c3 Bg5 12. Nc2 Rb8 13. a4 bxa4 14. Bc4 Rxb2 15. O-O O-O 16. Rxa4 a5 17. Nce3 Bd7 18. Ra1 Qb8 19. Qh5 Bxe3 20. Nxe3 Be6 21. Bd5 Qc7 22. Bxc6 Qxc6 23. Rxa5 Qxc3 24. Ra6 Qd4 25. h3 Qxe4 26. Rxd6 g6 27. Qh6 Qf4 28. Qxf4 exf4 29. Nd5 f3 30. g4 Kg7 31. Nf4 Bc4 32. Rc1 Bb5 33. Rb6 Re8 34. g5 Re5 35. h4 Rb4 36. Nh3 Rxh4 37. Rxb5 Rxh3 38. Rxe5 Rh4 39. Rc3 Rg4+ 40. Kf1 Rf4 41. Ree3 Rg4 42. Rxf3 Rxg5 43. Rc7 Rd5 44. Rfxf7+ Kh6 45. Rxh7+ Kg5 46. Kg2 Rd4 47. Rhd7 Re4 48. Kf3 Rf4+ 49. Ke3 Rf5 50. f3 Re5+ 51. Kf2 Ra5 52. Kg3 Rb5 53. Rc4 Rb6 54. Rd5+ Kh6 55. Rh4+ Kg7 56. Rd7+ Kf6 57. Rf4+ Kg5 58. Rd5+ Kh6 59. Rg4 Ra6 60. Rd1 Rb6 61. Rh1+ Kg7 62. Rg1 Kf7 63. f4 Ra6 64. Kh4 Rb6 65. Rg5 Rf6 66. R1g4 Re6 67. Re5 Rf6 68. Kg5 Rd6 69. Rh4 Rf6 70. Rh7+ Kg8 71. Kxf6 Kxh7 72. Re7+ Kh6 73. Re8 1-0


[Site "https://www.chess.com"]

[Event "Titled Tuesday Blitz December 06 Early 2022"]
[White "Aldokhin, Ivan"]
[Black "Devaev, Alexander"]
[WhiteFideId "24115720"]
[BlackFideId "4169395"]
[WhiteElo "2623"]
[BlackElo "2452"]
[Result "1-0"]
[Round "07"]
[TimeControl "180+1"]
[Date "2022.12.07"]
[WhiteClock "0:00:04"]
[BlackClock "0:00:16"]

1. e4 c6 2. Nc3 d5 3. d4 dxe4 4. Nxe4 Bf5 5. Ng3 Bg6 6. h4 h6 7. Nh3 e6 8. Nf4 Bh7 9. Be3 Nf6 10. Bd3 Bxd3 11. Qxd3 Nbd7 12. O-O-O Bd6 13. Ngh5 Bxf4 14. Nxg7+ Kf8 15. Nxe6+ fxe6 16. Bxf4 Kf7 17. Rde1 Qa5 18. Kb1 Qf5 19. Qd2 Rag8 20. f3 h5 21. Bg5 Nh7 22. Re4 Ndf6 23. Re5 Qg6 24. Qb4 Rb8 25. Qd6 Rhe8 26. Qc7+ Kg8 27. Rhe1 Qf7 28. Qa5 b6 29. Qc3 Rbc8 30. Qe3 Nd5 31. Qe4 c5 32. c3 cxd4 33. Qxd4 b5 34. Bc1 Nhf6 35. Rg5+ Kf8 36. Qe5 b4 37. Qd6+ Qe7 38. Qxe7+ Kxe7 39. cxb4 Kf7 40. a3 Rb8 41. Re2 a5 42. Rc2 axb4 43. axb4 Rxb4 44. Rc6 Re7 45. Re5 Reb7 46. Rc2 R4b6 47. Ree2 Nb4 48. Rc4 Nfd5 49. Re1 Nd3 50. Re2 N3f4 51. Bxf4 Ra6 52. Be5 Rba7 53. Kc2 Ra1 54. Rc5 Rb7 55. Rd2 Ra4 56. Rd4 Ra2 57. Rdc4 Nb4+ 58. Kd1 Na6 59. Rc6 Ra1+ 60. Ke2 Ra2 61. Rc7+ Nxc7 62. Rxc7+ Rxc7 63. Bxc7 Rxb2+ 64. Kf1 Rb5 65. Bg3 Rb3 66. Bf2 Kg6 67. Kg1 Kf5 68. Kh2 Rb2 69. Kg3 Re2 70. Bb6 e5 71. Bc7 Rc2 72. Bb8 Rb2 73. Bc7 Rb3 74. Kh2 Rb2 75. Bd8 Rc2 76. Bg5 Rc4 77. Bd8 Rd4 78. Bg5 Rd3 79. Be7 Rd7 80. Bg5 Rc7 81. Bh6 Rc6 82. Bg5 Rc4 83. Kh3 Ra4 84. Bh6 Ra3 85. Kh2 Ra2 86. Bf8 Ra4 87. Kh3 Kg6 88. Bd6 Kf5 89. Bf8 Rd4 90. Bg7 Rd1 91. Kh2 Rd2 92. Bh6 Rd7 93. Kh3 Rd6 94. Bg5 Rd4 95. Kh2 Rd3 96. Kg1 Ra3 97. Kf2 Ra2+ 98. Kg3 Ra3 99. Kh2 Ke6 100. Kg3 Kd5 101. Kf2 Kc4 102. g4 hxg4 103. fxg4 Kd4 104. h5 Ke4 105. h6 Rh3 106. Kg2 Ra3 107. h7 Ra2+ 108. Kg3 Ra3+ 109. Kh4 Ra1 110. Kh5 Rh1+ 111. Bh4 Kf3 112. h8=Q e4 113. Qf6+ Ke2 114. Qf2+ Kd3 115. Qg2 Rd1 116. Bg5 e3 117. Qd5+ Ke2 118. Qxd1+ Kxd1 119. Bxe3 1-0


[Site "https://www.chess.com"]